[Event "Titled Tuesday Blitz November 07 Late 2023"]
[White "Polaczek, Richard"]
[Black "aghasiyevkamal"]
[WhiteFideId "200026"]
[WhiteElo "2431"]
[BlackElo "2614"]
[Result "0-1"]
[Round "3"]
[TimeControl "180+1"]
[Date "2023.11.07"]
[WhiteClock "0:00:01"]
[BlackClock "0:00:12"]
[Board "84"]

1. d4 d5 2. c4 e6 3. Nc3 Nf6 4. cxd5 exd5 5. Bg5 c6 6. Qc2 Nbd7 7. e3 Be7 8. Bd3 h6 9. Bh4 Nh5 10. Bxe7 Qxe7 11. Nge2 Nb6 12. O-O O-O 13. Rae1 Bg4 14. Kh1 Bxe2 15. Rxe2 Rac8 16. Ree1 c5 17. dxc5 Qxc5 18. Qd2 Nc4 19. Bxc4 dxc4 20. e4 Nf6 21. e5 Rcd8 22. Qc2 Ng4 23. Qf5 Rd4 24. f4 Nf6 25. Rd1 Rfd8 26. Rxd4 Rxd4 27. h3 Nd5 28. Nxd5 Qxd5 29. Kh2 Rd2 30. Rg1 b5 31. Qc8+ Kh7 32. Qf5+ g6 33. Qf6 Qe6 34. Qh4 Rxb2 35. Rf1 Qd5 36. Qg3 Qd3 37. Qg4 Qxf1 0-1


[Site "https://www.chess.com"]

[Event "Titled Tuesday Blitz November 07 Late 2023"]
[White "GatoRojo150"]
[Black "ATM622"]
[WhiteElo "2612"]
[BlackElo "2429"]
[Result "1-0"]
[Round "3"]
[TimeControl "180+1"]
[Date "2023.11.07"]
[WhiteClock "0:00:21"]
[BlackClock "0:00:02"]
[Board "85"]

1. e4 c6 2. Nc3 d5 3. Nf3 dxe4 4. Nxe4 Bf5 5. Ng3 Bg6 6. h4 h6 7. Ne5 Qd6 8. d4 Nd7 9. Nxg6 Qxg6 10. Bd3 Qd6 11. c3 Ngf6 12. Qf3 e6 13. Bf4 Qd5 14. Qe2 Qa5 15. O-O Be7 16. b4 Qd8 17. Rfe1 O-O 18. Qf3 Nd5 19. Bd2 Bxh4 20. Nh5 Bg5 21. Qg4 N7f6 22. Nxf6+ Nxf6 23. Qe2 Bxd2 24. Qxd2 a5 25. Re3 axb4 26. Rg3 Kh8 27. Rh3 Ng8 28. Bc2 bxc3 29. Qd3 f5 30. Qxc3 Qa5 31. Qe3 Qd5 32. Bb3 Qd6 33. Rd1 Rae8 34. Qe2 e5 35. d5 cxd5 36. Rxd5 Qf6 37. Rd7 e4 38. Rxb7 f4 39. Rb4 f3 40. Qe3 Qg6 41. Rg3 Qd6 42. Rd4 Qe5 43. Rd7 Re7 44. Rd5 Qf4 45. Qxf4 Rxf4 46. Rd8 Kh7 47. Bxg8+ Kh8 48. Bf7+ Kh7 49. Bg6# 1-0


[Site "https://www.chess.com"]

[Event "Titled Tuesday Blitz November 07 Late 2023"]
[White "ChessLebaneseSalah"]
[Black "Golubev, Mikhail"]
[BlackFideId "14100983"]
[WhiteElo "2425"]
[BlackElo "2612"]
[Result "0-1"]
[Round "3"]
[TimeControl "180+1"]
[Date "2023.11.07"]
[WhiteClock "0:00:02"]
[BlackClock "0:01:15"]
[Board "86"]

1. e4 c5 2. Nf3 d6 3. d4 Nf6 4. Nc3 cxd4 5. Nxd4 Nc6 6. Be3 Ng4 7. Bb5 Nxe3 8. Nxc6 Nxd1 9. Nxd8+ Kxd8 10. Rxd1 e6 11. O-O a6 12. Bd3 Ke7 13. Rfe1 g6 14. Ne2 Bg7 15. c3 b5 16. Nd4 Bb7 17. f4 Rac8 18. Bc2 b4 19. e5 dxe5 20. fxe5 bxc3 21. bxc3 Rxc3 22. Rb1 Bd5 23. Rb6 Rc4 24. Rd1 Bxe5 25. Nf3 Bxf3 26. gxf3 Rxc2 27. Rb7+ Rc7 28. Rb6 Ra8 29. Kg2 a5 0-1


[Site "https://www.chess.com"]

[Event "Titled Tuesday Blitz November 07 Late 2023"]
[White "Wanyama, Harold"]
[Black "ArtemDyachuk"]
[WhiteFideId "10000380"]
[WhiteElo "2425"]
[BlackElo "2611"]
[Result "0-1"]
[Round "3"]
[TimeControl "180+1"]
[Date "2023.11.07"]
[WhiteClock "0:00:00"]
[BlackClock "0:00:32"]
[Board "87"]

1. d4 d5 2. c4 c6 3. Nc3 Nf6 4. Nf3 dxc4 5. a4 Bf5 6. e3 Nbd7 7. Bxc4 e6 8. O-O a5 9. Qe2 Ne4 10. Nxe4 Bxe4 11. Nd2 Bg6 12. b3 Bd6 13. e4 e5 14. Bb2 O-O 15. Nf3 Re8 16. Rad1 Qc7 17. d5 Nf6 18. dxc6 bxc6 19. Nd2 Bh5 20. f3 Bg6 21. Kh1 h5 22. Qf2 Rad8 23. Qg3 Bc5 24. Qxg6 Nd5 25. Qxh5 Ne3 26. f4 Nxd1 27. Rxd1 Bd4 28. Bxd4 Rxd4 29. Nf1 Rxd1 30. Qxd1 exf4 31. Qf3 Qe5 32. Bd3 Rd8 33. g3 Qc3 34. Be2 Qxf3+ 35. Bxf3 Rd3 36. Kg2 Rxb3 37. gxf4 Rb4 38. Kg3 Rxa4 39. e5 Rc4 40. Ne3 Rc5 41. Nf5 a4 42. Ne7+ Kf8 43. Nxc6 a3 44. Nb4 Rc4 45. Na2 Rd4 46. h4 Rd2 47. Nb4 Rb2 48. Nd3 a2 49. Nxb2 a1=Q 50. Nd3 Qg1+ 51. Kh3 Qe3 0-1


[Site "https://www.chess.com"]

[Event "Titled Tuesday Blitz November 07 Late 2023"]
[White "TintinUndercover"]
[Black "Villarreal, Agustin"]
[BlackFideId "125687"]
[WhiteElo "2607"]
[BlackElo "2422"]
[Result "0-1"]
[Round "3"]
[TimeControl "180+1"]
[Date "2023.11.07"]
[WhiteClock "0:00:00"]
[BlackClock "0:00:43"]
[Board "88"]

1. e4 e5 2. Nf3 Nc6 3. Bc4 Nf6 4. Ng5 d5 5. exd5 Na5 6. Bb5+ c6 7. dxc6 bxc6 8. Bd3 h6 9. Ne4 Nd5 10. O-O Be7 11. Be2 O-O 12. d3 f5 13. Ng3 Nf4 14. Bf3 Rb8 15. d4 Bd6 16. dxe5 Bxe5 17. c3 Ba6 18. Re1 Nd3 19. Be2 Nxe1 20. Qxe1 Bxe2 21. Qxe2 Bxg3 22. hxg3 Re8 23. Qf1 Qd5 24. Nd2 Re6 25. c4 Qd4 26. Nb3 Nxb3 27. axb3 Rxb3 28. Be3 Qxb2 29. Rxa7 Qb1 30. Ra8+ Kh7 31. Qxb1 Rxb1+ 32. Kh2 Rb4 33. c5 Rc4 34. Ra5 g5 35. Ra7+ Kg6 36. g4 f4 37. Bd2 Rxc5 38. Bb4 Rd5 39. Bf8 Rd8 40. Bc5 Kf6 41. Rc7 Ke5 0-1


[Site "https://www.chess.com"]

[Event "Titled Tuesday Blitz November 07 Late 2023"]
[White "Fiorito, Francisco"]
[Black "Carrasco Miranda, Andres"]
[WhiteFideId "180165"]
[BlackFideId "3405990"]
[WhiteElo "2603"]
[BlackElo "2416"]
[Result "1-0"]
[Round "3"]
[TimeControl "180+1"]
[Date "2023.11.07"]
[WhiteClock "0:00:35"]
[BlackClock "0:00:09"]
[Board "89"]

1. Nf3 Nf6 2. g3 g6 3. b3 Bg7 4. Bb2 O-O 5. Bg2 d6 6. d4 Nc6 7. O-O Bf5 8. Nbd2 Ne4 9. c4 Nxd2 10. Qxd2 Be4 11. d5 Bxb2 12. Qxb2 Bxf3 13. exf3 Ne5 14. f4 Nd7 15. b4 a5 16. a3 b6 17. h4 Rb8 18. Qd4 e5 19. dxe6 fxe6 20. Bh3 Qf6 21. Qe4 Rbe8 22. Qc6 Qd8 23. Rfe1 Kf7 24. Rad1 axb4 25. axb4 Nf6 26. c5 bxc5 27. bxc5 d5 28. Rxe6 Rxe6 29. Bxe6+ Kg7 30. Bxd5 Re8 31. Bf3 Qe7 32. Kg2 Rd8 33. Rxd8 Qxd8 34. Qe6 h5 35. Qe5 Qd7 36. f5 gxf5 37. c6 Qc8 38. Bxh5 f4 39. Qg5+ Kh7 40. Qg6+ Kh8 41. Qxf6+ Kh7 42. Bg6+ Kh6 43. Bf5+ Kh5 44. g4# 1-0


[Site "https://www.chess.com"]

[Event "Titled Tuesday Blitz November 07 Late 2023"]
[White "Kokoszczynski, Jan"]
[Black "Arnold, Ken"]
[WhiteFideId "1174460"]
[BlackFideId "2056836"]
[WhiteElo "2603"]
[BlackElo "2415"]
[Result "1-0"]
[Round "3"]
[TimeControl "180+1"]
[Date "2023.11.07"]
[WhiteClock "0:01:04"]
[BlackClock "0:00:27"]
[Board "90"]

1. Nf3 d5 2. g3 Nd7 3. d4 c6 4. Bg2 Ngf6 5. O-O g6 6. c4 Bg7 7. Nbd2 O-O 8. b3 Nb6 9. Bb2 Bf5 10. Rc1 Ne4 11. Nh4 Nxd2 12. Qxd2 Be6 13. cxd5 Nxd5 14. e4 Nf6 15. Rfe1 Qd7 16. Nf3 Ne8 17. Ng5 Rd8 18. Nxe6 Qxe6 19. Qe3 Nd6 20. d5 cxd5 21. Bxg7 Kxg7 22. Qd4+ Kg8 23. exd5 Nb5 24. dxe6 Rxd4 25. exf7+ Rxf7 26. Re2 a6 27. Bxb7 a5 28. Rc5 Nd6 29. Bd5 1-0


[Site "https://www.chess.com"]

[Event "Titled Tuesday Blitz November 07 Late 2023"]
[White "Real_taiatai"]
[Black "Principe, Gerson"]
[BlackFideId "3804550"]
[WhiteElo "2414"]
[BlackElo "2602"]
[Result "0-1"]
[Round "3"]
[TimeControl "180+1"]
[Date "2023.11.07"]
[WhiteClock "0:00:16"]
[BlackClock "0:00:34"]
[Board "91"]

1. d4 Nf6 2. Nf3 e6 3. Bg5 d5 4. Nbd2 h6 5. Bh4 Nbd7 6. e3 Be7 7. Bd3 b6 8. Qe2 Bb7 9. c3 c5 10. Rd1 O-O 11. O-O Rc8 12. Rfe1 Ne4 13. Bxe7 Qxe7 14. dxc5 Ndxc5 15. Bb1 Rfd8 16. Nxe4 dxe4 17. Nd4 Ba6 18. Qg4 f5 19. Qg6 Rf8 20. b4 Rf6 21. Qg3 Na4 22. b5 Bb7 23. Nc6 Bxc6 24. bxc6 Rxc6 25. Qe5 Nxc3 26. Rd2 Qc7 27. Qd4 Nd5 28. f3 exf3 29. gxf3 Rc4 30. Qb2 Rg6+ 31. Kh1 Rb4 32. Qa3 Qc3 33. Qxc3 Nxc3 34. Bd3 Rf6 35. Rc1 Nd5 36. e4 Nf4 37. exf5 Nxd3 38. Rc8+ Kh7 39. Rxd3 Rxf5 40. Rc7 Ra4 41. a3 Rg5 42. h4 Rxh4# 0-1


[Site "https://www.chess.com"]

[Event "Titled Tuesday Blitz November 07 Late 2023"]
[White "Nasir, Zehn"]
[Black "Suspenser17"]
[WhiteFideId "2613239"]
[WhiteElo "2602"]
[BlackElo "2412"]
[Result "0-1"]
[Round "3"]
[TimeControl "180+1"]
[Date "2023.11.07"]
[WhiteClock "0:00:10"]
[BlackClock "0:00:14"]
[Board "92"]

1. d4 d5 2. Bf4 c5 3. e3 Nc6 4. c3 Qb6 5. Qb3 c4 6. Qxb6 axb6 7. Na3 Bf5 8. Kd1 e6 9. Nc2 h6 10. Nf3 Nf6 11. Be2 b5 12. a3 Nd7 13. Ne5 Ncxe5 14. Bxe5 Nxe5 15. dxe5 Bc5 16. Nd4 b4 17. Nxf5 exf5 18. cxb4 Bxb4 19. Kc2 Bc5 20. Rad1 Rd8 21. Rd2 Ke7 22. Rhd1 b5 23. Rxd5 Rxd5 24. Rxd5 Rc8 25. Bf3 Ke6 26. g3 g5 27. Kd2 b4 28. axb4 Bxb4+ 29. Kc2 Rc5 30. Rd8 Kxe5 31. Be2 c3 32. b3 Rd5 33. Rxd5+ Kxd5 34. Bc4+ Ke4 35. Be2 f4 36. exf4 gxf4 37. Bh5 f5 38. Be2 fxg3 39. hxg3 f4 40. g4 f3 41. Bd3+ Kf4 42. Bf5 h5 43. Bd7 hxg4 44. Kd3 g3 45. fxg3+ Kxg3 46. Bb5 f2 47. Ke3 c2 0-1


[Site "https://www.chess.com"]

[Event "Titled Tuesday Blitz November 07 Late 2023"]
[White "Ozates, Tuna"]
[Black "Bochnicka, Vladimir"]
[WhiteFideId "6354521"]
[BlackFideId "14943450"]
[WhiteElo "2596"]
[BlackElo "2410"]
[Result "1/2-1/2"]
[Round "3"]
[TimeControl "180+1"]
[Date "2023.11.07"]
[WhiteClock "0:00:06"]
[BlackClock "0:00:20"]
[Board "93"]

1. e4 e5 2. Nf3 Nc6 3. Bb5 a6 4. Ba4 Nf6 5. d3 b5 6. Bb3 Bc5 7. c3 d6 8. O-O O-O 9. Nbd2 h6 10. h3 Re8 11. a4 Rb8 12. Re1 Bb6 13. Nf1 Na5 14. Bc2 c5 15. axb5 axb5 16. Ng3 c4 17. d4 Nc6 18. d5 Ne7 19. Nh4 Kh7 20. Qf3 Neg8 21. b3 Bd7 22. Ba3 Qc7 23. bxc4 bxc4 24. Nhf5 Bc5 25. Bxc5 Qxc5 26. Ba4 Bxa4 27. Rxa4 Rb2 28. Ra6 Rd8 29. Ne3 Ne7 30. Ngf5 Nxf5 31. Qxf5+ Kg8 32. Rc6 Qa5 33. Rxc4 Rdb8 34. Rc8+ Rxc8 35. Qxc8+ Kh7 36. Nf5 Qb6 37. Rf1 Rxf2 38. Rxf2 Nxe4 39. Ne3 Qxe3 40. Qf5+ Kg8 41. Qxf7+ Kh8 42. Qf8+ Kh7 43. Qf5+ Kh8 44. Qf8+ Kh7 45. Qf5+ Kg8 46. Qf8+ Kh7 1/2-1/2


[Site "https://www.chess.com"]

[Event "Titled Tuesday Blitz November 07 Late 2023"]
[White "UK_23"]
[Black "Colas, Joshua"]
[BlackFideId "2044447"]
[WhiteElo "2409"]
[BlackElo "2593"]
[Result "1-0"]
[Round "3"]
[TimeControl "180+1"]
[Date "2023.11.07"]
[WhiteClock "0:02:04"]
[BlackClock "0:01:17"]
[Board "94"]

1. e4 g6 2. d4 Bg7 3. c3 d6 4. Bd3 Nf6 5. Nf3 O-O 6. O-O c5 7. dxc5 dxc5 8. Bg5 Nc6 9. Qc2 Bg4 10. Nbd2 h6 11. Bh4 g5 12. Bg3 Nh5 13. Rfe1 Nxg3 14. hxg3 Qc7 15. a4 Rad8 16. Nc4 Qc8 17. Ne3 Bxf3 18. gxf3 Ne5 19. Be2 Qh3 20. Rad1 e6 21. Rxd8 Rxd8 22. Rd1 Rc8 23. Nc4 h5 24. Nxe5 Bxe5 25. Bf1 1-0


[Site "https://www.chess.com"]

[Event "Titled Tuesday Blitz November 07 Late 2023"]
[White "Olenik Campa, Rudi"]
[Black "Sturt, Raven"]
[WhiteFideId "14633264"]
[BlackFideId "2007304"]
[WhiteElo "2409"]
[BlackElo "2593"]
[Result "0-1"]
[Round "3"]
[TimeControl "180+1"]
[Date "2023.11.07"]
[WhiteClock "0:00:35"]
[BlackClock "0:01:14"]
[Board "95"]

1. e4 e5 2. Nf3 Nc6 3. Bb5 f5 4. d3 fxe4 5. dxe4 Nf6 6. Nc3 Bc5 7. O-O O-O 8. Bc4+ Kh8 9. Bg5 d6 10. h3 h6 11. Nh4 hxg5 12. Ng6+ Kh7 13. Nxf8+ Qxf8 14. Nd5 g4 15. hxg4 Nxg4 16. Qf3 Be6 17. Qh3+ Kg8 18. Nxc7 Bxc4 19. Nxa8 Nxf2 20. Qh5 Bxf1 21. Nc7 Ng4+ 22. Kh1 Bxg2+ 23. Kxg2 Qf2+ 24. Kh3 Qf3+ 25. Kh4 Bf2+ 26. Kg5 Qf4+ 27. Kg6 Qf6# 0-1


[Site "https://www.chess.com"]

[Event "Titled Tuesday Blitz November 07 Late 2023"]
[White "Shapiro, Viktor"]
[Black "FuenfgegenWilly"]
[WhiteFideId "4175700"]
[WhiteElo "2592"]
[BlackElo "2407"]
[Result "0-1"]
[Round "3"]
[TimeControl "180+1"]
[Date "2023.11.07"]
[WhiteClock "0:02:01"]
[BlackClock "0:02:17"]
[Board "96"]

1. c4 Na6 2. d4 c6 3. Nf3 g6 4. Nc3 Bg7 5. Bg5 Nc7 6. e3 d6 7. Be2 Bg4 8. h3 Bxf3 9. Bxf3 Qd7 10. O-O Ne6 11. Bh4 Nh6 12. Bg3 Nf5 13. Bh2 h5 14. b4 Ng5 15. c5 Nh4 16. Be2 Nxh3+ 17. gxh3 Qxh3 0-1


[Site "https://www.chess.com"]

[Event "Titled Tuesday Blitz November 07 Late 2023"]
[White "balachess2006"]
[Black "Inepton_Fermion"]
[WhiteElo "2592"]
[BlackElo "2404"]
[Result "1-0"]
[Round "3"]
[TimeControl "180+1"]
[Date "2023.11.07"]
[WhiteClock "0:00:02"]
[BlackClock "0:00:00"]
[Board "97"]

1. Nf3 Nf6 2. c4 b6 3. Nc3 Bb7 4. e3 c5 5. d4 cxd4 6. exd4 g6 7. d5 d6 8. Bg5 Bg7 9. Be2 O-O 10. O-O Na6 11. Qd2 Nc5 12. Bh6 Nfe4 13. Nxe4 Nxe4 14. Qe3 Nf6 15. Bxg7 Kxg7 16. Nd4 Rc8 17. Rfe1 Qd7 18. Rac1 Rfe8 19. h4 h5 20. Qg5 Ne4 21. Qf4 Nf6 22. Bf3 Ng4 23. Bxg4 Qxg4 24. Qxg4 hxg4 25. g3 Rc5 26. b3 a6 27. a4 Rc7 28. Rcd1 Bc8 29. Re3 Bd7 30. Rde1 Kf8 31. Re4 Rb7 32. Rf4 Kg7 33. Rfe4 Kf8 34. f3 gxf3 35. Nxf3 b5 36. axb5 axb5 37. Rf4 bxc4 38. bxc4 Rb3 39. Kh2 Kg7 40. Ng5 f6 41. Ne6+ Bxe6 42. Rxe6 Kf7 43. Kh3 Rc3 44. Kg4 Rc8 45. Ree4 f5+ 46. Kh3 Kg7 47. Rd4 Rc2 48. g4 1-0


[Site "https://www.chess.com"]

[Event "Titled Tuesday Blitz November 07 Late 2023"]
[White "Pinheiro, Iung Alicio de O."]
[Black "Bashylina, Luisa"]
[WhiteFideId "2104350"]
[BlackFideId "12983292"]
[WhiteElo "2591"]
[BlackElo "2392"]
[Result "1-0"]
[Round "3"]
[TimeControl "180+1"]
[Date "2023.11.07"]
[WhiteClock "0:01:23"]
[BlackClock "0:01:08"]
[Board "98"]

1. d4 d6 2. e4 e5 3. Nf3 Nd7 4. Nc3 g6 5. h4 Bg7 6. h5 h6 7. hxg6 fxg6 8. Bc4 Ne7 9. Be3 Nb6 10. Bb3 Bg4 11. dxe5 dxe5 12. Qe2 Nc6 13. Rd1 Qe7 14. Nd5 Nxd5 15. exd5 Nd8 16. Qc4 Bxf3 17. gxf3 Qd6 18. Bc5 Qf6 19. d6 Qxf3 20. d7# 1-0


[Site "https://www.chess.com"]

[Event "Titled Tuesday Blitz November 07 Late 2023"]
[White "PapaieDudu"]
[Black "Sargsyan, Anna M."]
[BlackFideId "13308130"]
[WhiteElo "2379"]
[BlackElo "2590"]
[Result "0-1"]
[Round "3"]
[TimeControl "180+1"]
[Date "2023.11.07"]
[WhiteClock "0:00:09"]
[BlackClock "0:01:22"]
[Board "99"]

1. e4 c6 2. Nf3 d5 3. e5 Bg4 4. d4 e6 5. Be2 c5 6. c3 Nc6 7. Nbd2 Nge7 8. O-O Nf5 9. Re1 cxd4 10. cxd4 Bb4 11. a3 Bxf3 12. axb4 Bxe2 13. Qxe2 Ncxd4 14. Qd3 Qb6 15. g4 Nh4 16. Ra5 Qxb4 17. Ra3 O-O 18. Re3 Rac8 19. Rc3 h6 20. Rh3 Ng6 21. Qe3 Nf4 22. Ne4 Nde2+ 23. Kf1 dxe4 24. Bd2 Qb5 25. Ke1 Nxc3 26. Bxc3 Ng2+ 0-1


[Site "https://www.chess.com"]

[Event "Titled Tuesday Blitz November 07 Late 2023"]
[White "Atanasov, Anthony"]
[Black "Prithu Gupta"]
[WhiteFideId "2623897"]
[BlackFideId "46618546"]
[WhiteElo "2589"]
[BlackElo "2368"]
[Result "1-0"]
[Round "3"]
[TimeControl "180+1"]
[Date "2023.11.07"]
[WhiteClock "0:00:43"]
[BlackClock "0:00:00"]
[Board "100"]

1. d4 Nf6 2. Nf3 d5 3. Bf4 Bg4 4. Ne5 Nbd7 5. Nxg4 Nxg4 6. e4 Ngf6 7. e5 Ng8 8. e6 fxe6 9. Nc3 g6 10. h4 Bg7 11. h5 c5 12. hxg6 cxd4 13. Nb5 e5 14. Rxh7 Rxh7 15. gxh7 Ngf6 16. Bh6 Kf7 17. Qd2 Ne4 18. Bxg7 Kxg7 19. Qb4 a6 20. Na3 Rc8 21. O-O-O Nxf2 22. Rd2 Ne4 23. Rd3 Qf8 24. Rf3 Ndf6 25. Qxb7 Kxh7 26. Bd3 Qh6+ 27. Kb1 1-0


[Site "https://www.chess.com"]

[Event "Titled Tuesday Blitz November 07 Late 2023"]
[White "Jaskolka, Tomasz"]
[Black "Kujawski, Adam"]
[WhiteFideId "1170791"]
[BlackFideId "1100920"]
[WhiteElo "2580"]
[BlackElo "2366"]
[Result "1-0"]
[Round "3"]
[TimeControl "180+1"]
[Date "2023.11.07"]
[WhiteClock "0:00:23"]
[BlackClock "0:00:01"]
[Board "101"]

1. e4 e5 2. Nf3 Nc6 3. Bc4 Nf6 4. Ng5 d5 5. exd5 Na5 6. Bb5+ c6 7. dxc6 bxc6 8. Bd3 Ng4 9. Nf3 Bc5 10. O-O f5 11. b4 Bxb4 12. Nxe5 Nxe5 13. Re1 Qd4 14. c3 Qxd3 15. cxb4 Nc4 16. Bb2 O-O 17. Bxe5 Nxe5 18. Rxe5 Qd4 19. Qb3+ Kh8 20. Qc3 Qg4 21. Na3 Ba6 22. Rae1 Bb5 23. Re7 f4 24. h3 Qg6 25. R1e6 Qg5 26. Re5 Qg6 27. Nxb5 cxb5 28. Rxb5 Rac8 29. Rc5 Rxc5 30. bxc5 f3 31. g3 Qb1+ 32. Kh2 h6 33. Qxg7# 1-0


[Site "https://www.chess.com"]

[Event "Titled Tuesday Blitz November 07 Late 2023"]
[White "Shapiro, Daniel"]
[Black "Tologon tegin, Semetei"]
[WhiteFideId "2001780"]
[BlackFideId "13800574"]
[WhiteElo "2342"]
[BlackElo "2576"]
[Result "0-1"]
[Round "3"]
[TimeControl "180+1"]
[Date "2023.11.07"]
[WhiteClock "0:00:23"]
[BlackClock "0:01:05"]
[Board "102"]

1. d4 Nc6 2. d5 Ne5 3. Nf3 Nxf3+ 4. gxf3 e6 5. c4 Nf6 6. a3 exd5 7. cxd5 Bc5 8. Nc3 d6 9. e4 O-O 10. Rg1 Re8 11. Bg5 Kf8 12. Qd2 h6 13. Bh4 Nxe4 14. Bxd8 Nxd2+ 15. Kxd2 Rxd8 16. Nb5 c6 17. Nc3 Bxf2 18. Rg2 Bd4 19. Rc1 Bh3 20. Rg3 Bxf1 21. Rxf1 Rac8 22. f4 Bxc3+ 23. Rxc3 cxd5 24. Rd3 Rc5 25. Rd1 a5 26. Ke3 Re8+ 27. Kf3 Ke7 28. Rxd5 Rxd5 29. Rxd5 b6 30. Rb5 Rb8 31. b4 axb4 32. axb4 Kd7 33. Ke4 Kc6 34. Rf5 f6 35. Rh5 Re8+ 36. Kd4 b5 37. Rh3 f5 38. Rc3+ Kd7 39. Kd5 Re4 40. Rc6 Rd4+ 41. Kxd4 Kxc6 42. h4 g6 43. Ke3 Kd5 44. Kd3 h5 0-1


[Site "https://www.chess.com"]

[Event "Titled Tuesday Blitz November 07 Late 2023"]
[White "Fernandez Bustamante, Leancy B."]
[Black "The_Straightforward_Rook"]
[WhiteFideId "3523870"]
[WhiteElo "2341"]
[BlackElo "2573"]
[Result "0-1"]
[Round "3"]
[TimeControl "180+1"]
[Date "2023.11.07"]
[WhiteClock "0:00:00"]
[BlackClock "0:00:47"]
[Board "103"]

1. e4 e5 2. Nf3 Nc6 3. Nc3 Nf6 4. Bb5 Bd6 5. d4 Nxd4 6. Nxd4 exd4 7. Qxd4 O-O 8. Bg5 Re8 9. Bxf6 Qxf6 10. Qxf6 gxf6 11. O-O-O a6 12. Bd3 b5 13. Nd5 Kg7 14. Ne3 Bc5 15. Nf5+ Kf8 16. f3 d6 17. Ng3 Be6 18. Kb1 Rad8 19. Rhe1 Bc8 20. Nh5 Re6 21. Nf4 Re5 22. Nd5 c6 23. Nxf6 Kg7 24. f4 Kxf6 25. fxe5+ Kxe5 26. Rf1 f6 27. h3 h5 28. Be2 h4 29. Rf3 Rg8 30. Bf1 Rg6 31. c3 a5 32. Kc2 b4 33. Rd2 Be6 34. c4 Bd4 35. Rfd3 c5 36. Rf3 a4 37. b3 a3 38. Rd1 f5 39. exf5 Bxf5+ 40. Kc1 Be4 41. Rf8 Be3+ 42. Rd2 Bxd2+ 43. Kxd2 Bxg2 44. Re8+ Kd4 45. Be2 Bxh3 46. Bf3 Bf5 47. Rf8 Bb1 0-1


[Site "https://www.chess.com"]

[Event "Titled Tuesday Blitz November 07 Late 2023"]
[White "Gimenez Aguirre, Alejo Ismael"]
[Black "MariusBieliauskas"]
[WhiteFideId "32041667"]
[WhiteElo "2570"]
[BlackElo "2347"]
[Result "1-0"]
[Round "3"]
[TimeControl "180+1"]
[Date "2023.11.07"]
[WhiteClock "0:00:28"]
[BlackClock "0:00:00"]
[Board "104"]

1. e4 e6 2. d4 d5 3. Nd2 c5 4. Ngf3 Nc6 5. exd5 Qxd5 6. Bc4 Qd8 7. dxc5 Bxc5 8. O-O Nf6 9. Qe2 O-O 10. Rd1 Qc7 11. c3 b6 12. Ne4 Nxe4 13. Qxe4 Bb7 14. Bf4 Qc8 15. Ng5 g6 16. Qf3 e5 17. Nxf7 Rxf7 18. Bxf7+ Kxf7 19. Bxe5+ Kg8 20. Qd5+ Kf8 21. Rd3 Nxe5 22. Qxe5 Kg8 23. Rad1 Qe8 24. Qg5 Qf7 25. Rd8+ Rxd8 26. Rxd8+ Kg7 27. Qe5+ Kh6 28. Rd2 Qc4 29. b4 Qg4 30. Qg3 Qe4 31. Rd1 Be7 32. h3 Bg5 33. Rd4 Qe1+ 34. Kh2 Qc1 35. h4 Bf6 36. Rf4 Be5 37. Qg5+ 1-0


[Site "https://www.chess.com"]

[Event "Titled Tuesday Blitz November 07 Late 2023"]
[White "Harriott, Tyrell"]
[Black "Czopor, Maciej"]
[WhiteFideId "2086484"]
[BlackFideId "21805431"]
[WhiteElo "2341"]
[BlackElo "2567"]
[Result "1-0"]
[Round "3"]
[TimeControl "180+1"]
[Date "2023.11.07"]
[WhiteClock "0:01:35"]
[BlackClock "0:00:00"]
[Board "105"]

1. d4 g6 2. e3 Bg7 3. Bd3 c5 4. c3 b6 5. f4 Bb7 6. Nf3 Nf6 7. O-O O-O 8. f5 Nc6 9. Nbd2 Qc7 10. Qe1 e5 11. Qh4 Rae8 12. fxg6 fxg6 13. dxc5 bxc5 14. Ng5 d5 15. e4 h6 16. Ngf3 g5 17. Qe1 d4 18. Qg3 Bc8 19. Bc4+ Kh8 20. Nxg5 hxg5 21. Qxg5 Nh7 22. Qh5 Nd8 23. Nf3 Be6 24. Ng5 Rxf1+ 25. Bxf1 Bg8 26. Qxe8 Nxg5 27. Bxg5 Nf7 28. Bc4 dxc3 29. bxc3 Qb7 30. Rf1 Qxe4 31. Bxf7 1-0


[Site "https://www.chess.com"]

[Event "Titled Tuesday Blitz November 07 Late 2023"]
[White "patzersame"]
[Black "Streltsov, Alexey"]
[BlackFideId "24104434"]
[WhiteElo "2337"]
[BlackElo "2564"]
[Result "0-1"]
[Round "3"]
[TimeControl "180+1"]
[Date "2023.11.07"]
[WhiteClock "0:00:16"]
[BlackClock "0:00:55"]
[Board "106"]

1. e4 c5 2. b4 e5 3. bxc5 Bxc5 4. Nf3 Nc6 5. Nc3 Nf6 6. Rb1 d5 7. exd5 Nxd5 8. Nxd5 Qxd5 9. d3 Qxa2 10. Bb2 O-O 11. Be2 Bb4+ 12. c3 Bd6 13. O-O Bf5 14. Qd2 Rad8 15. Nh4 Be6 16. Ra1 Qb3 17. Rfb1 f5 18. Ba3 Qd5 19. c4 Qd4 20. Nf3 Qf4 21. Qxf4 exf4 22. Bb2 Bc5 23. Ne5 Nd4 24. Bd1 a6 25. Bc3 Bc8 26. Kf1 Rfe8 27. Nf3 Nxf3 28. Bxf3 Rxd3 29. Bd5+ Be6 30. Bb4 Bxd5 31. cxd5 Rxd5 32. Bxc5 Rxc5 33. Rxb7 a5 34. Ra7 Ree5 35. Rb1 h6 36. Rbb7 Rc1# 0-1


[Site "https://www.chess.com"]

[Event "Titled Tuesday Blitz November 07 Late 2023"]
[White "Chylewski, Patryk"]
[Black "Maect19"]
[WhiteFideId "1186191"]
[WhiteElo "2563"]
[BlackElo "2335"]
[Result "0-1"]
[Round "3"]
[TimeControl "180+1"]
[Date "2023.11.07"]
[WhiteClock "0:00:00"]
[BlackClock "0:00:12"]
[Board "107"]

1. e4 e5 2. Nf3 Nc6 3. d4 exd4 4. Bc4 Nf6 5. e5 d5 6. Bb5 Ne4 7. Nxd4 Bd7 8. Bxc6 bxc6 9. O-O Bc5 10. f3 Ng5 11. f4 Ne4 12. Be3 Bb6 13. Nd2 Nxd2 14. Qxd2 c5 15. Nf3 d4 16. Bf2 O-O 17. Bh4 Qe8 18. Kh1 Bc6 19. Rae1 Qe6 20. Ng5 Qg4 21. Bg3 c4 22. f5 c3 23. bxc3 dxc3 24. Qf4 Qxf4 25. Bxf4 h6 26. Ne4 Rfd8 27. Nxc3 Ba5 28. Re3 Rd2 29. Ne4 Rxc2 30. h4 Bb6 31. Ree1 Rxa2 32. Kh2 a5 33. f6 a4 34. fxg7 Kxg7 35. Rf3 a3 36. Rg3+ Kh7 37. Nf6+ Kh8 38. Bxh6 Rxg2+ 39. Rxg2 Bxg2 40. Kxg2 a2 41. Nd5 a1=Q 42. Rxa1 Rxa1 43. Kf3 Ra4 44. Bg5 Kg7 45. Bf6+ Kg6 46. Ne7+ Kh5 47. Nf5 Ra3+ 48. Ke4 Ra5 49. Ng7+ Kg6 50. h5+ Kh7 51. Nf5 Ra4+ 52. Kd5 Ra2 53. h6 Rf2 54. Ke4 c5 55. Bg7 c4 56. Nd4 Bxd4 57. Kxd4 Rf4+ 58. Kc3 Rh4 59. Kb4 Kg6 60. Kc3 Kf5 61. Kb4 Ke6 62. Kc3 Kd5 63. Bf8 Rh3+ 64. Kc2 Kd4 65. Bg7 Rh2+ 66. Kc1 Kd3 67. Bf6 c3 0-1


[Site "https://www.chess.com"]

[Event "Titled Tuesday Blitz November 07 Late 2023"]
[White "Cervantes Landeiro, Thalia"]
[Black "Garrido, Denis"]
[WhiteFideId "3520498"]
[BlackFideId "601217"]
[WhiteElo "2561"]
[BlackElo "2312"]
[Result "0-1"]
[Round "3"]
[TimeControl "180+1"]
[Date "2023.11.07"]
[WhiteClock "0:00:00"]
[BlackClock "0:00:11"]
[Board "108"]

1. d4 d5 2. c4 c6 3. Nf3 Nf6 4. e3 Bf5 5. Nc3 e6 6. Nh4 Be4 7. f3 Bg6 8. Qb3 Qc7 9. Bd2 Be7 10. cxd5 cxd5 11. Rc1 Nc6 12. Bb5 O-O 13. Nxg6 hxg6 14. O-O Rfc8 15. Na4 Bd6 16. f4 Ne4 17. Rfd1 g5 18. g3 f5 19. Nc5 Bxc5 20. dxc5 Kf7 21. Bd3 Nxd2 22. Rxd2 gxf4 23. exf4 Rh8 24. Bxf5 exf5 25. Rxd5 Kg6 26. Rcd1 Rhf8 27. Rd6+ Rf6 28. Rd7 Qa5 29. Qxb7 Qxc5+ 30. Kh1 Rg8 31. R7d5 Qb6 32. Qd7 Rd8 33. Qxd8 Nxd8 34. Rxd8 Qxb2 35. R8d2 Qb7+ 36. Kg1 Kh7 37. Rg2 Re6 38. h3 Qb6+ 39. Kh2 Re3 40. Rdd2 Qe6 41. g4 fxg4 42. hxg4 Qh6+ 43. Kg1 Qb6 44. Kf1 Qb1+ 45. Kf2 Qe4 0-1


[Site "https://www.chess.com"]